 Dungeon Crawl Stone Soup version 0.20-a0-1025-g4706f7e (webtiles) character file.

47632 Gorglomux the Spear-Bearer (level 14, -12/127 HPs)
             Began as a Purple Draconian Chaos Knight on Apr 18, 2017.
             Killed from afar by a fire dragon (54 damage)
             ... with a blast of flame
             ... on level 6 of the Lair of Beasts on Apr 19, 2017.
             The game lasted 01:03:44 (17447 turns).

Gorglomux the Spear-Bearer (DrCK)                  Turns: 17447, Time: 01:03:45

Health: -12/127    AC: 15    Str: 13 (16) XL:     14   Next: 9%
Magic:  23/23      EV: 16    Int: 10 (11) God:    Xom [...*..]
Gold:   1797       SH:  0    Dex:  8 (10) Spells: 22/25 levels left

rFire    . . .     SeeInvis .   a - +0 spear (chaos)
rCold    . . .     Gourm    .   (no shield)
rNeg     . . .     Faith    +   (armour unavailable)
rPois    +         Spirit   .   (helmet restricted)
rElec    +         Reflect  .   M - +0 cloak
rCorr    .         Harm     .   w - +0 pair of gloves
MR       +++..                  f - +0 pair of boots
Stlth    +.........             y - amulet of faith {Faith, !P}
Regen    0.8/turn               P - ring of Robustness {AC+8}
MPRegen  0.2/turn               F - ring of poison resistance {rPois, !d}

@: corroded, cleaving, starving
A: breathe power, unfitting armour, clumsy 2, deterioration 2, dopey 1, magic
resistance 1, regeneration 1, electricity resistance, wild magic 1,
cold-blooded, AC +8
a: Breathe Dispelling Energy, Renounce Religion


You were on level 6 of the Lair of Beasts.
You worshipped Xom.
You were a favourite toy of Xom.
You were starving.

You visited 2 branches of the dungeon, and saw 16 of its levels.

You collected 2265 gold pieces.
You spent 468 gold pieces at shops.

Inventory:

Hand Weapons
 a - a +0 spear of chaos (weapon)
 b - a +0 blowgun
   (You took it off a kobold on level 3 of the Dungeon)
 H - a +2 longbow of freezing
   (Xom gifted it to you on level 7 of the Dungeon)
 T - the +0 glaive "Viluwka" {speed, *Corrode +Rage Int+4 SInv}
   (You found it on level 1 of the Lair of Beasts)

   Attacks with this weapon are significantly faster.
   It affects your intelligence (+4).
   It lets you see invisible.
   It lets you go berserk.
   It may corrode you when you take damage.
Missiles
 S - 82 arrows
 Y - 6 curare-tipped needles
Armour
 f - a +0 pair of boots (worn)
   (You bought it in a shop on level 4 of the Dungeon)
 w - a +0 pair of gloves (worn)
   (You found it on level 4 of the Dungeon)
 x - a cursed +0 large shield
   (You found it on level 5 of the Dungeon)
 M - a +0 cloak (worn)
   (You found it on level 8 of the Dungeon)
Jewellery
 y - an amulet of faith (around neck) {Faith, !P}
   (You found it on level 5 of the Dungeon)
 F - a ring of poison resistance (right hand) {rPois, !d}
   (You found it on level 7 of the Dungeon)
 P - the ring of Robustness (left hand) {AC+8}
   (You found it on level 10 of the Dungeon)

   [ring of protection]

   It affects your AC (+8).
 Z - an uncursed ring of protection from magic {MR+, !d}
   (You found it on level 3 of the Lair of Beasts)
Wands
 m - a wand of clouds (3/9)
   (You found it on level 6 of the Lair of Beasts)
 v - a wand of lightning (9/15)
   (You found it on level 5 of the Lair of Beasts)
 D - a wand of iceblast (11/15)
   (You found it on level 4 of the Lair of Beasts)
 G - a wand of confusion (37/48)
   (You found it on level 4 of the Lair of Beasts)
 J - a wand of scattershot (3/9)
   (You found it on level 4 of the Lair of Beasts)
 L - a wand of acid (7/15)
   (You found it on level 6 of the Lair of Beasts)
 O - a wand of disintegration (1/24)
   (You found it on level 9 of the Dungeon)
Scrolls
 c - 2 scrolls of amnesia
 e - a scroll of recharging
 o - 12 scrolls of remove curse
 p - 2 scrolls of magic mapping {!r}
 q - 2 scrolls of blinking {!r}
 t - 6 scrolls of teleportation
 A - a scroll of fear
 B - 4 scrolls of enchant armour
 U - 3 scrolls of enchant weapon
 W - a scroll of summoning
Potions
 d - 3 potions of invisibility
 g - a potion of haste
 l - 3 potions of heal wounds
 n - 8 potions of curing
 r - 5 potions of flight
 s - 5 potions of agility
 u - 2 potions of lignification {!q}
 C - 3 potions of ambrosia
 K - 3 potions of might
 N - a potion of brilliance
 V - a potion of mutation {!q}
Books
 E - a book of Enchantments
   (You found it on level 4 of the Lair of Beasts)
 I - a book of Necromancy
   (You found it on level 7 of the Dungeon)
 X - a book of Callings
   (You found it on level 2 of the Lair of Beasts)
Comestibles
 j - 16 royal jellies
 k - 8 bread rations {@e1@e1}
 z - 10 fruits


   Skills:
 + Level 12.6 Fighting
 - Level 14.4 Polearms
 + Level 10.6 Dodging
 - Level 3.6 Shields
 + Level 6.3 Spellcasting
 * Level 8.0 Charms
 + Level 6.0 Necromancy
 - Level 4.0 Evocations


You had 22 spell levels left.
You knew the following spells:

 Your Spells              Type           Power        Failure   Level  Hunger
r - Regeneration          Chrm/Necr      ###.......   5%          3    ###....


Dungeon Overview and Level Annotations

Branches:
Dungeon (10/15)            Temple (0/1) D:5            Lair (6/6) D:8
 Shoals (0/4) Lair:2        Snake (0/4) Lair:4        Slime (0/5) Lair:6
    Orc (0/2) D:9

Altars:
Cheibriados
Elyvilon
Gozag
Qazlal
Ru
Sif Muna
Trog
Xom
The Shining One
Jiyva

Shops:
D:4 *}**


Innate Abilities, Weirdness & Mutations

You can breathe bolts of dispelling energy.
Your rich purple scales are hard. (AC +8)
You cannot fit into any form of body armour.
You are cold-blooded and may be slowed by cold attacks.
You are very clumsy. (Dex -4)
Your body often deteriorates upon taking damage.
You are dopey. (Int -2)
You are resistant to hostile enchantments. (MR+)
Your natural rate of healing is unusually fast.
You are resistant to electric shocks. (rElec)
Your spells are a little harder to cast, but a little more powerful.


Message History

You completely miss the swamp dragon. The fire dragon closely misses you.
The fire dragon misses you. The fire dragon closely misses you.
You hit the swamp dragon but do no damage.
The swamp dragon bites you but does no damage.
The swamp dragon closely misses you.
The swamp dragon tramples you but does no damage.
You hit the swamp dragon but do no damage.
You tail-slap the swamp dragon, but do no damage.
The fire dragon bites you but does no damage.
The fire dragon barely misses you. The fire dragon closely misses you.
The swamp dragon barely misses you.
The swamp dragon claws you but does no damage.
The swamp dragon tramples you.
Your corrosive artefact corrodes you!
You stumble backwards!
Unknown command.
You hit the swamp dragon.
Xom smirks.
You detect items!
Your +0 spear of chaos is briefly surrounded by a scintillating aura of random colours.
a - a +0 spear of chaos (weapon)
The swamp dragon bites you but does no damage.
The swamp dragon barely misses you. x2
You hit the swamp dragon. The fire dragon breathes flames at you.
The blast of flame hits you!
Your body deteriorates!
You feel dopey.
A shower of butterflies erupts from you!
The blast of flame hits your butterfly.
Your butterfly dies!
You take 37 damage, and have 84/127 hp.
MASSIVE DAMAGE!!
You hit the swamp dragon. You burn the swamp dragon.
The swamp dragon barely misses you.
The swamp dragon claws you but does no damage.
The swamp dragon barely misses you.
You are starving!
You barely miss the swamp dragon.
Your tail-slap misses the swamp dragon.
Your butterfly is engulfed in blazing flames.
You kill your butterfly!
The fire dragon bites you! The fire dragon closely misses you.
The fire dragon barely misses you.
You take 15 damage, and have 69/127 hp.
Unknown command.
Unknown command.
You hit the swamp dragon but do no damage.
The area is suffused with divine lightning!
The blast of lightning engulfs the plant.
The plant is destroyed!
The blast of lightning engulfs your butterfly.
Your butterfly dies!
The blast of lightning engulfs the fire dragon.
The blast of lightning engulfs the swamp dragon.
The blast of lightning engulfs your butterfly.
Your butterfly dies!
The blast of lightning engulfs your butterfly.
Your butterfly dies!
The swamp dragon roars deafeningly!
The swamp dragon breathes poison at you.
The blast of poison misses you.
Unknown command.
You hit the swamp dragon but do no damage.
The swamp dragon is blasted with air! "Serve the toy, my child!"
The fire dragon bites you! The fire dragon claws you.
The fire dragon misses you.
You take 13 damage, and have 56/127 hp.
Unknown command.
You hit the swamp dragon but do no damage. "Go forth and cause havoc, mortal!"
Your +0 spear of chaos looks sharp.
The swamp dragon bites you!
Your body deteriorates!
You feel clumsy. The swamp dragon barely misses you.
The swamp dragon misses you.
You take 16 damage, and have 40/127 hp.
You swap places.
The fire dragon bites your shadow imp!
The fire dragon barely misses your shadow imp.
The fire dragon tramples your shadow imp.
Your shadow imp holds its ground!
Your shadow imp dies!
Unknown command.
You hit the swamp dragon but do no damage.
You tail-slap the swamp dragon, but do no damage.
Unknown command.
You hit the fire dragon but do no damage. "Just a minor improvement..."
You hit the fire dragon but do no damage.
You tail-slap the fire dragon, but do no damage.
Unknown command.
You hit the swamp dragon but do no damage.
Lightning courses through the swamp dragon!
You hit the fire dragon but do no damage.
You hit the swamp dragon but do no damage.
The swamp dragon seems to slow down.
You closely miss the fire dragon. The fire dragon breathes flames at you.
The blast of flame hits you!
You die...
Xom is highly amused!

♣♣♣♣♣♣ ♣♣♣≈§.@♣♣
♣.≈§§.DD♣
♣♣.≈≈≈§§.♣♣♣
♣♣♣...§♣♣§≈..♣
♣♣..P.≈♣♣≈§§≈.♣
♣♣..♣≈≈♣♣♣.§§§≈_§♣
♣...≈.♣♣(.§§§≈§§.♣
♣♣..≈≈♣♣♣($..§≈.♣♣♣
#
♣♣.♣.≈.♣♣..)..≈≈≈.


You could see a fire dragon and a swamp dragon.

Vanquished Creatures
  A fire dragon (Lair:2)
  4 hydras
  The ghost of herpmino the Cleaver, a journeyman FoFi of Ru (Lair:6)
  A catoblepas (Lair:6)
  A two-headed ogre (D:9)
  3 death yaks (Lair:6)
  A harpy (Lair:4)
  A wolf spider (Lair:6)
  3 manticores
  2 elephants (Lair:6)
  7 black mambas
  2 torpor snails (Lair:6)
  2 merfolk sirens (Lair:2)
  16 spiny frogs
  A rime drake (Lair:3)
  10 komodo dragons
  A jumping spider (Lair:6)
  2 trolls (D:10)
  2 merfolk (Lair:2)
  2 polar bears
  9 blink frogs
  3 dream sheep (Lair:6)
  7 hippogriffs
  29 yaks
  A tarantella (shapeshifter) (D:6)
  A wyvern (Lair:5)
  3 basilisks
  A hungry ghost (D:8)
  2 steam dragons
  A warg (Lair:2)
  2 acid dragons (Lair:6)
  14 porcupines
  11 water moccasins
  A naga (Lair:4)
  A swamp drake (Lair:6)
  5 orc warriors
  2 sky beasts
  3 ice beasts
  2 black bears
  A phantom (D:7)
  A necrophage (D:7)
  5 wolves (Lair:4)
  5 centaurs
  An eye of draining (D:7)
  7 ogres
  22 crocodiles
  14 bullfrogs
  5 scorpions
  A scorpion (shapeshifter) (D:9)
  5 killer bees (D:9)
  2 crimson imps
  A howler monkey (D:4)
  A quasit (D:7)
  7 hounds
  4 jellies
  8 orc priests
  4 orc wizards
  A bullfrog skeleton (D:9)
  3 centaur skeletons
  An iguana (shapeshifter) (D:8)
  6 iguanas
  4 worker ants
  A killer bee zombie (D:9)
  2 hound skeletons
  3 worker ant zombies (D:8)
  6 gnolls
  5 adders
  2 howler monkey skeletons
  2 shadow imps (D:6)
  8 oozes
  An adder zombie (D:7)
  3 adder skeletons
  2 worms
  A worm (shapeshifter) (D:4)
  A dart slug (D:2)
  4 leopard geckos
  31 orcs
  5 giant cockroaches
  15 goblins
  8 hobgoblins
  3 jackals (D:4)
  10 kobolds
  5 quokkas
  4 ball pythons
  9 bats
  3 frilled lizards
  A leopard gecko zombie (D:5)
  A quokka zombie (D:9)
  11 rats
  A plant (Lair:6)
418 creatures vanquished.

Vanquished Creatures (collateral kills)
  A two-headed ogre (D:9)
  A spiny frog (Lair:2)
  17 yaks
  A water moccasin (D:9)
  A sky beast (D:9)
  A porcupine (Lair:2)
  A black bear (D:7)
  A crocodile (D:7)
  A hound (D:8)
  A leopard gecko (D:9)
  2 orcs (D:7)
28 creatures vanquished.

Vanquished Creatures (others)
  A catoblepas (Lair:6)
  The ghost of Gorglomux the Spear-Bearer, a novice DrCK of Xom (D:9)
  A wizard (D:7)
  2 orcs (D:6)
  15 fungi
  25 plants
45 creatures vanquished.

Grand Total: 491 creatures vanquished

Notes
Turn   | Place    | Note
-------+----------+-------------------------------------------
     0 | D:1      | Gorglomux the Draconian Chaos Knight began the quest for the Orb.
     0 | D:1      | Reached XP level 1. HP: 19/19 MP: 1/1
    18 | D:1      | XOM: harmless Necr miscast
   237 | D:1      | Reached XP level 2. HP: 26/26 MP: 2/2
   315 | D:1      | XOM: severe Fire miscast
   368 | D:1      | HP: 6/26 [hobgoblin (5)]
   385 | D:1      | Reached skill level 4 in Polearms
  1125 | D:2      | Reached XP level 3. HP: 31/31 MP: 3/3
  1136 | D:2      | Found a stormy altar of Qazlal.
  1194 | D:2      | Found an opulent altar of Gozag.
  1340 | D:2      | XOM: god gift: 470 gold pieces
  1371 | D:2      | Found a glowing golden altar of the Shining One.
  1590 | D:3      | Reached XP level 4. HP: 38/38 MP: 4/4
  1633 | D:3      | Reached skill level 5 in Polearms
  1653 | D:3      | Noticed a centaur
  1660 | D:3      | HP: 1/38 [centaur (10)]
  1669 | D:3      | Killed a centaur
  1669 | D:3      | Reached XP level 5. HP: 17/45 MP: 5/5
  1671 | D:3      | XOM: give mutations
  1671 | D:3      | Gained mutation: Your body sometimes deteriorates upon taking damage. [Xom's mischief]
  1671 | D:3      | Gained mutation: You are dopey. (Int -2) [Xom's mischief]
  1671 | D:3      | Lost mutation: Your body sometimes deteriorates upon taking damage. [Xom's mischief]
  1671 | D:3      | Gained mutation: Your body sometimes deteriorates upon taking damage. [Xom's mischief]
  1679 | D:3      | XOM: medium Erth miscast
  1679 | D:3      | HP: 5/45 [something (14)]
  2067 | D:3      | Reached skill level 6 in Polearms
  2082 | D:3      | XOM: confuse monster(s)
  2141 | D:3      | Found a deep blue altar of Sif Muna.
  2142 | D:3      | Found a sacrificial altar of Ru.
  2224 | D:3      | Gorglomux: !whichgod ck
  2224 | D:3      | beem: 315 recent wins: 220x Xom, 14x Okawaru, 9x Pakellas, 9x Cheibriados, 8x Ashenzari, 7x Zin, 6x Trog, 6x Ru, 5x Jiyva, 4x Nemelex Xobeh, 4x Makhleb, 3x The Shining One, 3x Yredelemnul, 3x Lugonu, 3x Uskayaw, 3x Gozag, 2x Qazlal, 2x Vehumet, 2x Hepliaklqana, Wu Jian, Fedhas
  2595 | D:4      | XOM: polymorph worker ant -> scorpion
  2603 | D:4      | XOM: medium Tmut miscast
  2604 | D:4      | XOM: noise
  2612 | D:4      | XOM: silly message
  2623 | D:4      | Found Giemyuqa's Assorted Antiques.
  2654 | D:4      | Bought a scroll labeled WEILOC HIASED for 23 gold pieces
  2654 | D:4      | Bought a scroll labeled GAXUPA GEAQ for 23 gold pieces
  2654 | D:4      | Bought a scroll labeled TIOPHI VUBUIN for 23 gold pieces
  2654 | D:4      | Bought a murky yellow potion for 20 gold pieces
  2654 | D:4      | Bought a fuming pink potion for 20 gold pieces
  2750 | D:4      | XOM: summons 2 hostile demons
  2781 | D:4      | HP: 8/45 [white imp[Xom] (4)]
  2951 | D:4      | Reached XP level 6. HP: 21/51 MP: 6/6
  3166 | D:4      | Found Kesoe's Gadget Boutique.
  3167 | D:4      | Found Ciriy's Assorted Antiques.
  3180 | D:4      | Bought a pair of boots for 117 gold pieces
  3180 | D:4      | Bought a scroll labeled KEGEDW ROSIDACA for 26 gold pieces
  3180 | D:4      | Bought a scroll labeled JAFONKERGHUR for 26 gold pieces
  3227 | D:4      | Reached skill level 7 in Polearms
  3351 | D:4      | XOM: enchant monster (bad)
  3671 | D:4      | XOM: harmless Summ miscast
  3861 | D:4      | HP: 10/51 [something (31)]
  4104 | D:4      | XOM: summons 4 hostile shadow creatures
  4264 | D:4      | Reached skill level 8 in Polearms
  4264 | D:4      | Your scales start taking on a rich purple colour.
  4264 | D:4      | Reached XP level 7. HP: 36/57 MP: 7/7
  4345 | D:4      | Found Kowoe's General Store.
  4348 | D:4      | Bought 18 arrows for 50 gold pieces
  4348 | D:4      | Bought a potion of agility for 56 gold pieces
  4348 | D:4      | Bought a scroll of identify for 28 gold pieces
  4348 | D:4      | Bought a scroll of identify for 28 gold pieces
  4348 | D:4      | Bought a scroll of identify for 28 gold pieces
  4617 | D:5      | Entered Level 5 of the Dungeon
  4735 | D:5      | XOM: mild Pois miscast
  4791 | D:5      | XOM: mild Fire miscast
  4829 | D:5      | Reached skill level 9 in Polearms
  4971 | D:5      | Found a staircase to the Ecumenical Temple.
  5029 | D:5      | XOM: 1-stop teleportation journey
  5065 | D:5      | XOM: enchant monster (bad)
  5099 | D:5      | XOM: stat loss: -1 Dex (11/12)
  5128 | D:5      | XOM: torment (30/57 hp)
  5241 | D:5      | Reached XP level 8. HP: 40/63 MP: 8/8
  5313 | D:5      | XOM: give mutations
  5313 | D:5      | Lost mutation: Your body sometimes deteriorates upon taking damage. [Xom's mischief]
  5313 | D:5      | Lost mutation: You are dopey. (Int -2) [Xom's mischief]
  5313 | D:5      | Gained mutation: You are weak. (Str -2) [Xom's mischief]
  5313 | D:5      | Gained mutation: You are very weak. (Str -4) [Xom's mischief]
  5314 | D:5      | Gorglomux: ??faith
  5314 | D:5      | beem: amulet of faith[1/2]: Piety increases one quarter faster. Yes, this means you get more gifts. Ru offers sacrifices more quickly; Xom has more dynamic piety and acts more often; no effect with Gozag. Removing the amulet reduces your piety by 1/3.
  5321 | D:5      | Noticed a hornet
  5384 | D:5      | XOM: give mutations
  5384 | D:5      | Gained mutation: Your natural rate of healing is unusually fast. [Xom's mischief]
  5384 | D:5      | Lost mutation: You are very weak. (Str -4) [Xom's mischief]
  5384 | D:5      | Gained mutation: You are agile. (Dex +2) [Xom's mischief]
  5384 | D:5      | Gained mutation: Your body sometimes deteriorates upon taking damage. [Xom's mischief]
  5398 | D:6      | XOM: enchant monster (bad)
  5400 | D:6      | XOM: destruction
  5409 | D:6      | XOM: summons 4 hostile demons
  5428 | D:6      | Reached skill level 10 in Polearms
  5459 | D:6      | XOM: repel stairs
  5916 | D:6      | XOM: potion effect (invisibility)
  5919 | D:6      | XOM: divination: detect items
  5919 | D:6      | Noticed a rime drake
  5919 | D:6      | a sky beast changed into a rime drake
  5932 | D:6      | XOM: summons 4 friendly demons
  5935 | D:6      | Noticed a fire crab
  5935 | D:6      | a rime drake changed into a fire crab
  5936 | D:6      | a fire crab changed into a tarantella
  5939 | D:6      | Reached skill level 11 in Polearms
  5999 | D:6      | Found a white marble altar of Elyvilon.
  6073 | D:6      | XOM: divination: magic mapping
  6107 | D:6      | Found a snail-covered altar of Cheibriados.
  6136 | D:6      | XOM: give mutations
  6136 | D:6      | Gained mutation: You are resistant to hostile enchantments. (MR+) [Xom's grace]
  6136 | D:6      | Gained mutation: Your spells are a little harder to cast, but a little more powerful. [Xom's grace]
  6384 | D:7      | XOM: cloud trail
  6440 | D:7      | Noticed a hippogriff
  6448 | D:7      | Noticed a salamander
  6448 | D:7      | a hippogriff changed into a salamander
  6448 | D:7      | XOM: polymorph hippogriff -> salamander
  6455 | D:7      | a salamander changed into an eye of draining
  6455 | D:7      | XOM: polymorph salamander -> eye of draining
  6469 | D:7      | Found a bloodstained altar of Trog.
  6470 | D:7      | Noticed a wizard
  6476 | D:7      | Killed a wizard
  6502 | D:7      | XOM: cleaving
  6508 | D:7      | XOM: scenery: 1 doors close
  6538 | D:7      | XOM: summons 4 friendly demons
  6557 | D:7      | Reached XP level 9. HP: 53/70 MP: 9/9
  6605 | D:7      | XOM: god gift: runed longbow {god gift}
  6624 | D:7      | XOM: mild Tmut miscast
  6646 | D:7      | Reached skill level 12 in Polearms
  6675 | D:7      | XOM: enchant monster (good)
  6683 | D:7      | XOM: scenery: create altars
  6686 | D:7      | XOM: polymorph adder -> ooze
  6701 | D:7      | XOM: 4-stop teleportation journey
  6773 | D:7      | XOM: repel stairs
  6794 | D:7      | XOM: summons 9 friendly demons
  6964 | D:7      | XOM: give mutations
  6964 | D:7      | Gained mutation: You have a pair of small antennae on your head. [Xom's grace]
  6964 | D:7      | Gained mutation: You have sharp toenails. [Xom's grace]
  6968 | D:8      | XOM: noise
  6970 | D:8      | XOM: destruction
  7023 | D:7      | XOM: harmless Erth miscast
  7097 | D:8      | Reached skill level 13 in Polearms
  7126 | D:8      | XOM: polymorph porcupine -> bullfrog
  7132 | D:8      | XOM: divination: detect creatures
  7136 | D:8      | XOM: polymorph iguana -> howler monkey
  7144 | D:8      | XOM: summons friendly crimson imp
  7147 | D:8      | XOM: cast spell 'Summon Mana Viper'
  7163 | D:8      | XOM: cleaving
  7167 | D:8      | XOM: polymorph basilisk -> blink frog
  7173 | D:7      | XOM: fog
  7176 | D:7      | HP: 14/70 [blink frog (7)]
  7264 | D:7      | XOM: cloud trail
  7271 | D:8      | XOM: summons 5 friendly demons
  7292 | D:8      | Reached skill level 14 in Polearms
  7299 | D:8      | Found a staircase to the Lair.
  7324 | D:8      | Reached XP level 10. HP: 75/77 MP: 10/10
  7414 | D:8      | XOM: summons 3 friendly demons
  7432 | D:8      | XOM: cloud trail
  7707 | D:8      | XOM: cast spell 'Shadow Creatures'
  7756 | D:8      | Upgraded the game from 0.20-a0-1020-g7b9e4fe to 0.20-a0-1025-g4706f7e
  7810 | D:8      | XOM: harmless Summ miscast
  7928 | D:8      | XOM: divination: detect items
  7935 | D:8      | XOM: god gift: 44 gold pieces
  7969 | D:8      | XOM: divination: magic mapping
  7984 | D:8      | XOM: noise
  8037 | D:8      | XOM: harmless Hex miscast
  8104 | D:9      | XOM: noise
  8113 | D:9      | Noticed Gorglomux's ghost (novice DrCK)
  8115 | D:9      | XOM: stat loss: -1 Dex (14/15)
  8117 | D:9      | XOM: enchant monster (bad)
  8120 | D:9      | XOM: give mutations
  8120 | D:9      | Lost mutation: You are resistant to hostile enchantments. (MR+) [Xom's mischief]
  8120 | D:9      | Lost mutation: You have a pair of small antennae on your head. [Xom's mischief]
  8122 | D:9      | XOM: noise
  8212 | D:9      | XOM: noise
  8220 | D:9      | XOM: cleaving
  8226 | D:9      | XOM: destruction
  8227 | D:9      | Reached skill level 4 in Fighting
  8287 | D:9      | Reached skill level 3 in Dodging
  8343 | D:9      | XOM: potion effect (experience)
  8343 | D:9      | Reached skill level 7 in Fighting
  8343 | D:9      | Reached skill level 5 in Dodging
  8343 | D:9      | Reached skill level 3 in Shields
  8343 | D:9      | Reached skill level 4 in Evocations
  8343 | D:9      | Reached XP level 11. HP: 84/92 MP: 10/14
  8385 | D:9      | Reached skill level 6 in Dodging
  8420 | D:9      | Found a staircase to the Orcish Mines.
  8438 | D:9      | XOM: divination: magic mapping
  8444 | D:9      | XOM: enchant monster (good)
  8456 | D:9      | XOM: summons friendly crimson imp
  8618 | D:9      | XOM: 9-stop teleportation journey
  8627 | D:9      | Noticed a two-headed ogre
  8628 | D:9      | XOM: potion effect (haste)
  8639 | D:9      | XOM: harmless Pois miscast
  8644 | D:9      | XOM: destruction
  8646 | D:9      | XOM: cast spell 'Summon Hydra'
  8653 | D:9      | Banished Gorglomux's ghost
  8686 | D:9      | Reached skill level 8 in Fighting
  8744 | D:9      | Killed a two-headed ogre
  9134 | D:9      | XOM: cast spell 'Summon Dragon'
  9145 | D:9      | Reached skill level 7 in Dodging
  9196 | D:9      | XOM: give mutations
  9196 | D:9      | Gained mutation: You have a pair of small horns on your head. [Xom's grace]
  9196 | D:9      | Gained mutation: You are resistant to electric shocks. (rElec) [Xom's grace]
  9241 | D:9      | Noticed a two-headed ogre
  9258 | D:9      | Killed a two-headed ogre
  9258 | D:9      | Reached skill level 9 in Fighting
  9273 | D:9      | XOM: harmless Summ miscast
  9328 | D:10     | Entered Level 10 of the Dungeon
  9456 | D:10     | XOM: noise
  9487 | D:10     | XOM: divination: detect items
  9492 | D:10     | XOM: confuse monster(s)
  9659 | D:10     | XOM: scenery: create altars
  9691 | D:10     | XOM: summons friendly iron imp
  9696 | D:10     | XOM: polymorph iron imp -> shadow imp
  9698 | D:10     | XOM: confuse monster(s)
  9776 | D:10     | XOM: harmless Conj miscast
 10172 | Lair:1   | Entered Level 1 of the Lair of Beasts
 10176 | Lair:1   | XOM: enchant monster (good)
 10181 | Lair:1   | XOM: confuse monster(s)
 10182 | Lair:1   | XOM: summons 2 friendly demons
 10191 | Lair:1   | XOM: confuse monster(s)
 10247 | Lair:1   | XOM: silly message
 10254 | Lair:1   | XOM: harmless Fire miscast
 10256 | Lair:1   | XOM: potion effect (agility)
 10257 | Lair:1   | XOM: potion effect (haste)
 10271 | Lair:1   | XOM: butterfly on damage
 10337 | Lair:1   | Noticed a six-headed hydra
 10337 | Lair:1   | XOM: cast spell 'Summon Butterflies'
 10342 | Lair:1   | XOM: fog
 10353 | Lair:1   | XOM: potion effect (invisibility)
 10375 | Lair:1   | Killed a six-headed hydra
 10375 | Lair:1   | Reached skill level 8 in Dodging
 10381 | Lair:1   | Killed a six-headed hydra
 10381 | Lair:1   | Reached skill level 10 in Fighting
 10381 | Lair:1   | Reached XP level 12. HP: 46/106 MP: 15/15
 10446 | Lair:1   | Got a brightly glowing glaive
 10447 | Lair:1   | Identified the cursed +0 glaive "Viluwka" {speed, *Corrode +Rage Int+4 SInv} (You found it on level 1 of the Lair of Beasts)
 10827 | Lair:1   | XOM: confuse monster(s)
 10831 | Lair:1   | XOM: summons 2 friendly demons
 10832 | Lair:1   | XOM: summons friendly crimson imp
 10862 | Lair:1   | XOM: give mutations
 10862 | Lair:1   | Lost mutation: You are agile. (Dex +2) [Xom's mischief]
 10862 | Lair:1   | Lost mutation: You are weak. (Str -2) [Xom's mischief]
 10862 | Lair:1   | Lost mutation: You have sharp toenails. [Xom's mischief]
 10862 | Lair:1   | Gained mutation: You are dopey. (Int -2) [Xom's mischief]
 10985 | Lair:1   | Reached skill level 9 in Dodging
 11326 | Lair:1   | XOM: harmless Pois miscast
 11382 | Lair:2   | Reached skill level 11 in Fighting
 11455 | Lair:2   | XOM: fake destruction
 11465 | Lair:2   | XOM: 1-stop teleportation journey
 11530 | Lair:2   | XOM: swap monsters
 11534 | Lair:2   | XOM: enchant monster (good)
 11559 | Lair:2   | XOM: give mutations
 11559 | Lair:2   | Gained mutation: Your spells are harder to cast, but more powerful. [Xom's grace]
 11559 | Lair:2   | Gained mutation: You are resistant to hostile enchantments. (MR+) [Xom's grace]
 11567 | Lair:2   | XOM: harmless Tloc miscast
 11572 | Lair:2   | Learned a level 3 spell: Regeneration
 11612 | Lair:2   | XOM: cleaving
 11634 | Lair:2   | XOM: cast spell 'Discord'
 11637 | Lair:2   | Reached skill level 1 in Necromancy
 11643 | Lair:2   | Reached skill level 1 in Spellcasting
 11643 | Lair:2   | Reached skill level 1 in Charms
 11654 | Lair:2   | Gorglomux: ?,cleave
 11654 | Lair:2   | Gorglomux: ??cleave
 11654 | Lair:2   | beem: cleave[1/1]: Axes and hydra form cleave 8 spaces around you on attack. Secondary targets take 75% damage. Brands like disto and elec can trigger on any number of targets and have their full effect.
 11674 | Lair:2   | XOM: harmless Pois miscast
 11680 | Lair:2   | XOM: 5-stop teleportation journey
 11716 | Lair:2   | XOM: divination: magic mapping
 11771 | Lair:2   | Reached skill level 2 in Necromancy
 11836 | Lair:2   | Reached skill level 2 in Charms
 11889 | Lair:2   | Reached skill level 2 in Spellcasting
 12122 | Lair:2   | XOM: polymorph crocodile -> warg
 12132 | Lair:2   | Noticed a fire dragon
 12136 | Lair:2   | XOM: summons 4 friendly demons
 12143 | Lair:2   | XOM: potion effect (heal wounds)
 12148 | Lair:2   | Killed a fire dragon
 12243 | Lair:2   | XOM: enchant monster (good)
 12301 | Lair:2   | Found a staircase to the Shoals.
 12308 | Lair:2   | XOM: summons friendly iron imp
 12318 | Lair:2   | XOM: torment (56/110 hp)
 12396 | Lair:2   | XOM: give mutations
 12396 | Lair:2   | Gained mutation: Your body often deteriorates upon taking damage. [Xom's mischief]
 12396 | Lair:2   | Lost mutation: You have a pair of small horns on your head. [Xom's mischief]
 12583 | Lair:2   | XOM: blink monster(s)
 12586 | Lair:2   | Reached skill level 3 in Spellcasting
 12586 | Lair:2   | Reached skill level 3 in Charms
 12631 | Lair:2   | Noticed a six-headed hydra
 12639 | Lair:2   | XOM: destruction
 12640 | Lair:2   | XOM: give mutations
 12640 | Lair:2   | Lost mutation: Your body often deteriorates upon taking damage. [Xom's mischief]
 12640 | Lair:2   | Gained mutation: Your body often deteriorates upon taking damage. [Xom's mischief]
 12640 | Lair:2   | Gained mutation: Scrolls take you a little longer to read. [Xom's mischief]
 12640 | Lair:2   | Lost mutation: Scrolls take you a little longer to read. [Xom's mischief]
 12645 | Lair:2   | XOM: swap monsters
 12656 | Lair:1   | XOM: harmless Fire miscast
 12806 | Lair:3   | XOM: harmless Tmut miscast
 12946 | Lair:3   | Reached skill level 3 in Necromancy
 13298 | Lair:3   | XOM: swap monsters
 13308 | Lair:3   | XOM: summons 2 hostile demons
 13313 | Lair:3   | XOM: mild Air miscast
 13314 | Lair:3   | XOM: butterfly on damage
 13315 | Lair:3   | XOM: polymorph komodo dragon -> manticore
 13320 | Lair:3   | XOM: confusion (+ monsters)
 13328 | Lair:3   | XOM: summons 1 hostile shadow creature
 13329 | Lair:3   | XOM: mild Air miscast
 13371 | Lair:3   | Reached XP level 13. HP: 71/117 MP: 18/18
 13489 | Lair:3   | XOM: scenery: 1 doors open
 13635 | Lair:4   | XOM: cleaving
 13639 | Lair:4   | XOM: god gift: 17 arrows
 13640 | Lair:4   | XOM: fog
 13644 | Lair:4   | XOM: polymorph yak -> harpy
 13645 | Lair:4   | XOM: noise
 13652 | Lair:4   | Reached skill level 10 in Dodging
 13699 | Lair:4   | Found a staircase to the Snake Pit.
 13737 | Lair:4   | XOM: harmless Chrm miscast
 13751 | Lair:4   | Reached skill level 4 in Spellcasting
 13806 | Lair:4   | XOM: confuse monster(s)
 13810 | Lair:4   | Reached skill level 4 in Charms
 14166 | Lair:4   | XOM: mild Erth miscast
 14330 | Lair:5   | Reached skill level 4 in Necromancy
 14502 | Lair:5   | XOM: divination: detect items
 14634 | Lair:5   | XOM: swap monsters
 14708 | Lair:5   | XOM is BORED!
 14708 | Lair:5   | XOM: noise
 14920 | Lair:5   | XOM: harmless Erth miscast
 15075 | Lair:5   | XOM: fake destruction
 15123 | Lair:6   | Entered Level 6 of the Lair of Beasts
 15145 | Lair:6   | Reached skill level 12 in Fighting
 15215 | Lair:6   | Found a viscous altar of Jiyva.
 15221 | Lair:6   | XOM: noise
 15225 | Lair:6   | XOM: confusion (+ monsters)
 15226 | Lair:6   | Found a staircase to the Slime Pits.
 15300 | Lair:6   | XOM: polymorph swamp drake -> ice beast
 15306 | Lair:6   | XOM: cast spell 'Statue Form'
 15316 | Lair:6   | Reached skill level 5 in Charms
 15489 | Lair:6   | XOM: fog
 15553 | Lair:6   | XOM: enchant monster (good)
 15564 | Lair:6   | XOM: summons 1 hostile shadow creature
 15733 | Lair:6   | XOM: polymorph black mamba -> jumping spider
 15735 | Lair:6   | XOM: blink monster(s)
 15765 | Lair:6   | Reached skill level 5 in Spellcasting
 15885 | Lair:6   | XOM: enchant monster (good)
 15916 | Lair:6   | XOM: mild Pois miscast
 15981 | Lair:6   | XOM: 1-stop teleportation journey
 15991 | Lair:6   | Reached skill level 5 in Necromancy
 16022 | Lair:6   | Reached skill level 6 in Charms
 16106 | Lair:6   | XOM: swap monsters
 16136 | Lair:6   | XOM: god gift: scroll labeled VYFFEVELAA {god gift}
 16139 | Lair:6   | XOM: scenery: create altars
 16149 | Lair:6   | XOM: scenery: create altars
 16150 | Lair:6   | XOM: confuse monster(s)
 16151 | Lair:6   | XOM: 1-stop teleportation journey
 16170 | Lair:6   | XOM: cast spell 'Summon Mana Viper'
 16268 | Lair:6   | XOM: summons 6 hostile demons
 16288 | Lair:6   | XOM: smoke on damage
 16345 | Lair:6   | XOM: confusion (+ monsters)
 16354 | Lair:6   | XOM: confuse monster(s)
 16363 | Lair:6   | XOM: summons 4 friendly demons
 16370 | Lair:6   | XOM: divine lightning
 16430 | Lair:6   | XOM: confuse monster(s)
 16473 | Lair:6   | Noticed herpmino's ghost (journeyman FoFi)
 16483 | Lair:6   | XOM: summons 8 friendly demons
 16484 | Lair:6   | XOM: enchant monster (good)
 16495 | Lair:6   | XOM: enchant monster (good)
 16502 | Lair:6   | XOM: enchant monster (good)
 16505 | Lair:6   | Killed herpmino's ghost
 16505 | Lair:6   | Reached skill level 7 in Charms
 16524 | Lair:6   | XOM: divination: magic mapping
 16528 | Lair:6   | XOM: smoke on damage
 16531 | Lair:6   | XOM: confuse monster(s)
 16568 | Lair:6   | XOM: fake destruction
 16569 | Lair:6   | XOM: cleaving
 16589 | Lair:6   | XOM: stat loss: -1 Int (14/15)
 16606 | Lair:6   | XOM: mild Tloc miscast
 16641 | Lair:6   | XOM: butterfly on damage
 16654 | Lair:6   | Reached skill level 6 in Spellcasting
 16656 | Lair:6   | XOM: 1-stop teleportation journey
 16756 | Lair:6   | XOM: mild Air miscast
 16937 | Lair:6   | XOM: give mutations
 16937 | Lair:6   | Lost mutation: Your spells are harder to cast, but more powerful. [Xom's mischief]
 16937 | Lair:6   | Gained mutation: You are clumsy. (Dex -2) [Xom's mischief]
 16937 | Lair:6   | Gained mutation: You are very clumsy. (Dex -4) [Xom's mischief]
 16986 | Lair:6   | XOM: mild Hex miscast
 16987 | Lair:6   | XOM: medium Fire miscast
 16987 | Lair:6   | Reached XP level 14. HP: 66/127 MP: 23/23
 17030 | Lair:6   | XOM: torment (39/127 hp)
 17100 | Lair:6   | XOM: polymorph torpor snail -> wolf spider
 17124 | Lair:6   | XOM: confusion (+ monsters)
 17141 | Lair:6   | XOM: swap monsters
 17148 | Lair:6   | XOM: noise
 17149 | Lair:6   | XOM: summons friendly crimson imp
 17156 | Lair:6   | XOM: summons friendly crimson imp
 17172 | Lair:6   | XOM: summons friendly white imp
 17352 | Lair:6   | Reached skill level 6 in Necromancy
 17395 | Lair:6   | Reached skill level 8 in Charms
 17434 | Lair:6   | XOM: divination: detect items
 17436 | Lair:6   | XOM: butterfly on damage
 17439 | Lair:6   | XOM: divine lightning
 17440 | Lair:6   | XOM: summons friendly shadow imp
 17441 | Lair:6   | XOM: cleaving
 17444 | Lair:6   | XOM: scenery: create altars
 17447 | Lair:6   | Killed from afar by a fire dragon

Vault maps used:
D:1:      dpeg_arrival_boxorama, serial_bayou_lake_a
D:2:      grunt_qazlal_sundering, lemuel_coloured_pillars_altar, first_bread,
          nicolae_gozag_seed_capital
D:3:      chequers_temple_overflow_statue_of_worship
D:4:      kennysheep_goblin_castle, serial_shops, shop,
          nicolae_shop_behind_doors, shop_statue,
          nicolae_shop_temple_entry_statues_fountains, cheibrodos_gnoll_hut
D:5:      minmay_temple_entry_crystal_x
D:6:      slow_altar_1, nicolae_overflow_crystal_walls, hangedman_decor_growths
D:7:      trog_wizard
D:8:      minmay_lair_entry_grove
D:9:      erik_orc_3
D:10:     hangedman_little_slice_of_home
Lair:2:   dragon1_lemuel, elwin_shoals_entry_stream, beast_lair_carwin_2,
          lemuel_fruit_tree
Lair:3:   minmay_stone_trees_small, serial_bayou_pond_a,
          hangedman_lair_generics_rect
Lair:4:   guppyfry_snake_entry_island, lemuel_old_faithful, grunt_megastairs_3
Lair:5:   grunt_forest_small_clearings, grunt_megastairs_1
Lair:6:   guppyfry_lair_end_dragon, hangedman_lair_in_review, slime_altar_1

Skill      XL: |  1  2  3  4  5  6  7  8  9 10 11 12 13 14 |
---------------+-------------------------------------------+-----
Polearms       | 4 5 6 8 9 11 14 | 14.4
Fighting       | 7 10 11 12 | 12.6
Dodging        | 5 8 9 10 | 10.6
Shields        | 3 |  3.6
Evocations     | 4 |  4.0
Necromancy     | 3 5 6 |  6.0
Spellcasting   | 3 6 |  6.3
Charms         | 3 7 8 |  8.0

Action                   |  1- 3 |  4- 6 |  7- 9 | 10-12 | 13-15 || total
-------------------------+-------+-------+-------+-------+-------++-------
Melee: Spear             |   124 |   236 |   559 |   644 |    45 ||  1608
       Tailslap          |    11 |    19 |    82 |   134 |    87 ||   333
       Headbutt          |       |       |       |    94 |       ||    94
       Glaive            |       |       |       |   344 |   629 ||   973
 Fire: Blowgun           |       |    20 |     1 |       |       ||    21
       Longbow           |       |       |       |       |     3 ||     3
 Cast: Regeneration      |       |       |       |     2 |     8 ||    10
 Abil: Breathe Dispellin |       |       |     9 |    15 |       ||    24
Evoke: Wand              |       |       |     3 |     4 |    10 ||    17
  Use: Potion            |       |     3 |     1 |       |       ||     4
       Scroll            |       |     2 |     7 |    11 |     9 ||    29
 Stab: Paralysed         |     4 |     1 |    12 |    14 |     2 ||    33
       Sleeping          |     1 |     3 |     2 |     5 |       ||    11
       Distracted        |     1 |       |       |     3 |     2 ||     6
       Confused          |       |     2 |     5 |    20 |    10 ||    37
       Invisible         |       |       |     6 |     7 |       ||    13
       Petrified         |       |       |     5 |    14 |       ||    19
       Petrifying        |       |       |     4 |     5 |       ||     9
  Eat: Chunk             |     2 |     6 |    14 |    23 |    13 ||    58
       Fruit             |       |     2 |       |       |       ||     2
Armor: Skin              |    18 |    62 |    99 |   143 |   148 ||   470
Dodge: Dodged            |    32 |    96 |   172 |   341 |   361 ||  1002
Block: Other             |       |     9 |     4 |       |       ||    13
       Reflection        |       |     1 |       |       |       ||     1

Vault maps used:
D:1:      dpeg_arrival_boxorama, serial_bayou_lake_a
D:2:      grunt_qazlal_sundering, lemuel_coloured_pillars_altar, first_bread,
          nicolae_gozag_seed_capital
D:3:      chequers_temple_overflow_statue_of_worship
D:4:      kennysheep_goblin_castle, serial_shops, shop,
          nicolae_shop_behind_doors, shop_statue,
          nicolae_shop_temple_entry_statues_fountains, cheibrodos_gnoll_hut
D:5:      minmay_temple_entry_crystal_x
D:6:      slow_altar_1, nicolae_overflow_crystal_walls, hangedman_decor_growths
D:7:      trog_wizard
D:8:      minmay_lair_entry_grove
D:9:      erik_orc_3
D:10:     hangedman_little_slice_of_home
Lair:2:   dragon1_lemuel, elwin_shoals_entry_stream, beast_lair_carwin_2,
          lemuel_fruit_tree
Lair:3:   minmay_stone_trees_small, serial_bayou_pond_a,
          hangedman_lair_generics_rect
Lair:4:   guppyfry_snake_entry_island, lemuel_old_faithful, grunt_megastairs_3
Lair:5:   grunt_forest_small_clearings, grunt_megastairs_1
Lair:6:   guppyfry_lair_end_dragon, hangedman_lair_in_review, slime_altar_1

Table legend:
 A = Turns spent in this place as a percentage of turns spent in the entire game.
 B = Non-inter-level travel turns spent in this place as a percentage of non-inter-level travel turns spent in the entire game.
 C = Inter-level travel turns spent in this place as a percentage of turns spent in this place.
 D = Turns resting spent in this place as a percentage of non-inter-level travel turns spent in this place.
 E = Turns spent auto-exploring this place as a percentage of non-inter-level travel turns spent in this place.
 F = Non-inter-level travel turns spent in this place divided by the number of levels of this place that you've seen.
                   A       B       C       D       E      F
               +-------+-------+-------+-------+-------+----------------------
         Total | 100.0 | 100.0 |   0.3 |   2.0 |   7.5 | 421.3
       Dungeon |  56.5 |  56.5 |   0.4 |   2.1 |   8.3 | 380.6
          Lair |  43.5 |  43.5 |   0.3 |   1.9 |   6.4 | 489.2
               +-------+-------+-------+-------+-------+----------------------

Table legend:
 A = Kills in this place as a percentage of kills in entire the game.
 B = Kills by you in this place as a percentage of kills by you in the entire game.
 C = Kills by friends in this place as a percentage of kills by friends in the entire game.
 D = Other kills in this place as a percentage of other kills in the entire game.
 E = Experience gained in this place as a percentage of experience gained in the entire game.
 F = Experience gained in this place divided by the number of levels of this place that you have seen.
                   A       B       C       D       E      F
               +-------+-------+-------+-------+-------+----------------------
         Total | 100.0 | 100.0 | 100.0 | 100.0 | 100.0 | 3816.6
       Dungeon |  60.3 |  60.0 |  64.3 |  60.0 |  21.0 | 1279.5
          Lair |  39.7 |  40.0 |  35.7 |  40.0 |  79.0 | 8045.2
               +-------+-------+-------+-------+-------+----------------------
